 Dungeon Crawl Stone Soup version 0.19-a0-683-g5f2401d (webtiles) character file.

74 Skanax the Insei (level 4, 0/35 HPs)
             Began as a Draconian Transmuter on June 17, 2016.
             Slain by a gnoll
             ... wielding a +0 flail of holy wrath
              (5 damage)
             ... on level 2 of the Dungeon.
             The game lasted 00:08:19 (1392 turns).

Skanax the Insei (Draconian Transmuter)             Turns: 1392, Time: 00:08:20

Health: 0/35       AC:  5    Str: 11 (12) XL:     4   Next: 9%
Magic:  4/8        EV: 12    Int: 12 (14) God:
Gold:   85         SH:  0    Dex: 11 (12) Spells: 3 memorised, 2 levels left

rFire  . . .     SeeInvis .     d - +2 dagger (holy)
rCold  . . .     Gourm    .     (armour unavailable)
rNeg   . . .     Faith    .     (no shield)
rPois  .         Spirit   .     (helmet restricted)
rElec  .         Dismiss  .     (no cloak)
rCorr  .         Reflect  .     (no gloves)
SustAt .         Harm     .     (no boots)
MR     .....                    g - amulet of magic regeneration
Stlth  +.........               (no ring)
                                (no ring)

@: appendage, very slightly contaminated, not resistant to hostile enchantments,
very unstealthy
A: unfitting armour, horns 2, cold-blooded, AC +5
a: End Transformation


You were on level 2 of the Dungeon.
You were not hungry.
You had grown temporary horns.
You visited 1 branch of the dungeon, and saw 2 of its levels.

You collected 85 gold pieces.

Inventory:

Hand Weapons
 d - a +2 dagger of holy wrath (weapon)
Missiles
 a - 21 arrows
Jewellery
 g - an amulet of magic regeneration (around neck)
Potions
 f - a potion of degeneration
Books
 b - a book of Changes

   Spells                             Type                      Level
   a - Beastly Appendage              Transmutation                1
   b - Sticks to Snakes               Transmutation                2
   c - Spider Form                    Transmutation/Poison         3
   d - Ice Form                       Ice/Transmutation            4
   e - Blade Hands                    Transmutation                5
Comestibles
 c - 7 chunks of flesh


   Skills:
 + Level 1.3 Fighting
 + Level 0.2 Short Blades
 + Level 2.3 Dodging
 + Level 0.4 Stealth
 + Level 3.3 Unarmed Combat
 + Level 2.9 Spellcasting
 + Level 2.3 Transmutations
 + Level 0.6 Poison Magic


You had 2 spell levels left.
You knew the following spells:

 Your Spells              Type           Power        Failure   Level  Hunger
a - Beastly Appendage     Tmut           #.....       12%         1    #......
b - Sticks to Snakes      Tmut           #.......     14%         2    ###....
c - Spider Form           Tmut/Pois      #.........   43%         3    ###....


Dungeon Overview and Level Annotations

Branches:
Dungeon (2/15)

Altars:


Innate Abilities, Weirdness & Mutations

Your plain brown scales are hard. (AC +5)
Your body does not fit into most forms of armour.
You are cold-blooded and may be slowed by cold attacks.
You have a pair of horns on your head.


Message History

Things that are here:
a club; a gnoll corpse You barely miss the gnoll.
The gnoll completely misses you. The gnoll barely misses you.
You hit the gnoll but do no damage.
The gnoll is poisoned.
Your transformation has ended.
Your +2 dagger of holy wrath unmelds from your body.
Your +2 dagger of holy wrath softly glows with a divine radiance!
The gnoll closely misses you. The gnoll barely misses you.
The gnoll barely misses you.
Casting: Spider Form
Confirm with . or Enter, or press ? or * to list all spells.
You grow a pair of large bovine horns.
The gnoll closely misses you.
Casting: Beastly Appendage
Confirm with . or Enter, or press ? or * to list all spells.
You miscast Sticks to Snakes.
You are very lightly contaminated with residual magic.
Your skin tingles.
The gnoll hits you with a flail of holy wrath.
You die...

#...# # ##. #...#.#
##.# #...#. ...
......### #.#
#.......######.###
#..##.#........... #
#g....#..#####.###
#.#g##........##.#
#.#@†......##.##.#
#..%....##.......#
......#.......###.####
..###.#.##..#.# #.# #
#.####### #.# ... ..#
##.. ### ...# ....


You could see 2 gnolls.

Vanquished Creatures
  2 gnolls (D:2)
  2 oozes (D:1)
  A dart slug (D:2)
  2 giant geckos (D:2)
  9 bats
  2 giant cockroaches (D:1)
  4 goblins
  5 hobgoblins (D:1)
  3 jackals (D:1)
  2 kobolds (D:1)
  3 giant newts
  5 rats
40 creatures vanquished.

Vanquished Creatures (collateral kills)
  A giant cockroach (D:2)
1 creature vanquished.

Grand Total: 41 creatures vanquished

Notes
Turn   | Place    | Note
--------------------------------------------------------------
     0 | D:1      | Skanax the Draconian Transmuter began the quest for the Orb.
     0 | D:1      | Reached XP level 1. HP: 16/16 MP: 3/3
    55 | D:1      | Reached XP level 2. HP: 21/23 MP: 3/5
   322 | D:1      | Learned a level 2 spell: Sticks to Snakes
   425 | D:1      | Reached XP level 3. HP: 28/28 MP: 7/7
   430 | D:1      | Learned a level 3 spell: Spider Form
  1387 | D:2      | Reached XP level 4. HP: 14/35 MP: 6/8
  1392 | D:2      | Slain by a gnoll

Vault maps used:
D:1:      erik_arrival_gehennom
D:2:      first_bread, kennysheep_nondescript, minivault_11, grunt_ministairs_12

Skill      XL: |  1  2 |
---------------+-------+-----
Dodging        | 2 |  2.3
Fighting       | |  1.3
Short Blades   | |  0.2
Stealth        | |  0.4
Unarmed Combat | |  3.3
Spellcasting   | |  2.9
Transmutations | |  2.3
Poison Magic   | |  0.6

Action                   |  1- 3 |  4- 6 || total
-------------------------+-------+-------++-------
Melee: Dagger            |   104 |       ||   104
       Unarmed           |    29 |     2 ||    31
       Tailslap          |     8 |       ||     8
       Kick              |     7 |       ||     7
       Headbutt          |     3 |       ||     3
       Punch             |     2 |       ||     2
 Cast: Beastly Appendage |    18 |     1 ||    19
       Spider Form       |     7 |       ||     7
       Sticks to Snakes  |     1 |       ||     1
  Use: Scroll            |     4 |       ||     4
       Potion            |     2 |       ||     2
 Stab: Sleeping          |     1 |       ||     1
  Eat: Bread ration      |     1 |       ||     1
       Chunk             |     1 |       ||     1
Armor: Skin              |    57 |       ||    57
Dodge: Dodged            |   129 |     7 ||   136
